 Dungeon Crawl Stone Soup version 0.31-a0-1008-g5b978dac0e (webtiles) character file.

Game seed: 14042746072725958115

1058 Descartes the Geomancer (level 8, -3/52 HPs)
             Began as a Formicid Earth Elementalist on Nov 12, 2023.
             Was an Initiate of Gozag.
             Slain by an ice beast (5 damage)
             ... on level 5 of the Dungeon.
             The game lasted 00:11:10 (4496 turns).

Descartes the Geomancer (FoEE)                      Turns: 4496, Time: 00:11:11

Health: -3/52      AC:  2    Str: 18    XL:     8   Next: 51%
Magic:  22/27      EV: 12    Int: 15    God:    Gozag
Gold:   175        SH:  0    Dex: 13    Spells: 17/21 levels left

rFire   . . .        f - +2 dagger (flame)
rCold   + . .        (no shield)
rNeg    . . .        a - +0 robe
rPois   .            (helmet unavailable)
rElec   .            (no cloak)
rCorr   .            (no gloves)
SInv    +            (no boots)
Will    .....        (no amulet)
Stlth   ++           q - ring of magical power
HPRegen 0.28/turn    n - ring of protection from cold
MPRegen 0.20/turn

%: no passive effects
@: gold aura
A: permanent stasis, dig shafts and tunnels, antennae 3, four strong arms,
strong 1, inability to drink after injury 1
a: Dig, Shaft Self, Renounce Religion, Potion Petition, Call Merchant, Bribe
Branch


You were on level 5 of the Dungeon.
You worshipped Gozag.
Gozag was aware of your devotion.
You visited 1 branch of the dungeon, and saw 5 of its levels.

You collected 256 gold pieces.
You paid 81 gold pieces to Gozag.

Inventory:

Hand Weapons
 f - a +2 dagger of flaming (weapon)
 v - a +0 executioner's axe
Missiles
 x - 2 throwing nets
Armour
 a - a +0 robe (worn)
Jewellery
 c - a ring of ice
 h - a +6 ring of dexterity
 n - a ring of protection from cold (right hand)
 p - a ring of positive energy
 q - a ring of magical power (left hand)
Talismans
 C - a serpent talisman
Wands
 r - a wand of roots (3)
Scrolls
 e - 3 scrolls of revelation {unknown}
 i - 2 scrolls of vulnerability {unknown}
 k - a scroll of silence {unknown}
 l - 4 scrolls of identify {unknown}
 u - a scroll of noise {unknown}
 y - 2 scrolls of teleportation {unknown}
 B - a scroll of fog {unknown}
Potions
 b - a potion of magic
 d - a potion of heal wounds {unknown}
 g - 2 potions of degeneration {unknown}
 j - a potion of attraction {unknown}
 m - 2 potions of enlightenment
 s - a potion of cancellation {unknown}
 t - 2 potions of haste {unknown}
 w - a potion of lignification {unknown}
 z - a potion of curing {unknown}
 A - 2 potions of brilliance {unknown}


   Skills:
 - Level 1.7 Dodging
 - Level 2.4 Stealth
 + Level 7.0 Spellcasting
 - Level 1.1 Transmutations
 + Level 8.8 Earth Magic


You had 17 spell levels left.
You knew the following spells:

 Your Spells              Type           Power      Damage    Failure   Level
a - Sandblast             Erth           62%        2d14      1%          1
b - Stone Arrow           Conj/Erth      36%        3d9       6%          3

Your spell library contained the following spells:

 Spells                   Type           Power      Damage    Failure   Level
 Passwall                 Tmut/Erth      16%        N/A       2%          2
 Magic Dart               Conj           20%        1d4       13%         1
 Petrify                  Tmut/Erth      20%        N/A       17%         4
 Call Imp                 Summ           10%        N/A       21%         2
 Brom's Barrelling Bould  Conj/Erth      18%        2d4       22%         4
 Gell's Gravitas          Tloc           5%         N/A       36%         3
 Mephitic Cloud           Conj/Pois/Air  5%         N/A       36%         3
 Teleport Other           Tloc           5%         N/A       36%         3
 Manifold Assault         Tloc           5%         N/A       78%         4
 Dispersal                Tloc           2%         N/A       100%        6
 Blink                    Tloc           Unusable   N/A       N/A         2

Dungeon Overview and Level Annotations

Branches:
Dungeon (5/15)
 Temple: D:4-7

Altars:
Ashenzari
Cheibriados
Fedhas
Gozag
Okawaru
Vehumet

Shops:
D:1 =


Innate Abilities, Weirdness & Mutations

You cannot be hasted, slowed, berserked, paralysed or teleported.
You can dig through walls and to a lower floor.
You have a pair of large antennae on your head. (SInv)
Your four strong arms can wield two-handed weapons with a shield.
Your muscles are strong. (Str +4, Int/Dex -1)
You occasionally lose the ability to drink potions when taking damage.


Message History

Casting: Sandblast (safe; 1% risk of failure)
Confirm with . or Enter, or press ? or * to list all spells.
Aiming: Sandblast (safe; 1% risk of failure)
Press: ? - help, Shift-Dir - straight line, f - ice beast
Aim: an ice beast (84% to hit)
The blast of sand hits the ice beast!
The ice beast is moderately wounded.
The ice beast hits you. The ice beast freezes you. You resist.
* * * LOW HITPOINT WARNING * * *
The ice beast completely resists.
Casting: Sandblast (safe; 1% risk of failure)
Confirm with . or Enter, or press ? or * to list all spells.
Aiming: Sandblast (safe; 1% risk of failure)
Press: ? - help, Shift-Dir - straight line, f/p - ice beast
Aim: an ice beast (moderately wounded, 84% to hit)
The blast of sand misses the ice beast.
The ice beast hits you.
* * * LOW HITPOINT WARNING * * *
The ice beast freezes you. You resist.
* * * LOW HITPOINT WARNING * * *
Unknown command.
You feel extremely strange.
Your skin warms up.
You no longer feel cold resistant.
You occasionally lose the ability to drink potions when taking damage.
You feel stronger. The ice beast hits you.
* * * LOW HITPOINT WARNING * * *
The ice beast freezes you. You resist.
* * * LOW HITPOINT WARNING * * *
Casting: Sandblast (safe; 1% risk of failure)
Confirm with . or Enter, or press ? or * to list all spells.
Aiming: Sandblast (safe; 1% risk of failure)
Press: ? - help, Shift-Dir - straight line, f/p - ice beast
Aim: an ice beast (moderately wounded, 84% to hit)
The blast of sand hits the ice beast but does no damage.
The ice beast is moderately wounded.
The ice beast hits you.
* * * LOW HITPOINT WARNING * * *
The ice beast freezes you. You resist.
You die...
Your body crumbles into a pile of gold.

########## ...........#.#
......[..# ...........#.#
.$.......##...........#.#
.........++...........'>#
.........##...........#.#
:........##...........#.#
..........[........####.#
....).$.Y..........# #.#
........@..........# #.#
.......#...........# #.#
.......#...........# #.#
.......#...........# #.#
.......#######'########.#
....... #...........#
<...... #####..########.#
#...............#
#.###..########.#


You could see an ice beast.

Vanquished Creatures
  Sigmund (D:4)
  A centaur (D:3)
  3 phantoms
  A scorpion (D:4)
  A howler monkey (D:5)
  2 hounds
  Natasha (thrice) (D:2)
  3 iguanas
  An orc wizard (D:4)
  6 adders
  10 gnolls (D:4)
  4 worms
  5 dart slugs
  14 orcs
  8 ball pythons
  2 endoplasms
  3 giant cockroaches
  12 hobgoblins
  5 kobolds
  6 quokkas
  6 bats
  7 frilled lizards
  4 goblins
  2 rats (D:2)
110 creatures vanquished.

Notes
Turn   | Place    | Note
-------+----------+-------------------------------------------
     0 | D:1      | Descartes the Formicid Earth Elementalist began the quest
                  | for the Orb.
     0 | D:1      | Reached XP level 1. HP: 13/13 MP: 3/3
   178 | D:1      | Found Popinkal's Jewellery Shop.
   218 | D:1      | Reached XP level 2. HP: 19/19 MP: 1/5
   227 | D:1      | Reached skill level 4 in Earth Magic
   893 | D:2      | Reached XP level 3. HP: 24/24 MP: 1/7
  1364 | D:2      | Noticed Natasha
  1367 | D:2      | Killed Natasha
  1368 | D:2      | Reached XP level 4. HP: 30/30 MP: 6/9
  1577 | D:2      | Reached skill level 5 in Earth Magic
  1661 | D:2      | Noticed Natasha
  1665 | D:2      | Killed Natasha
  1666 | D:2      | Reached XP level 5. HP: 35/35 MP: 7/10
  1711 | D:2      | Noticed Natasha
  1715 | D:2      | Killed Natasha
  2570 | D:3      | Found a faded altar of an unknown god.
  2615 | D:3      | Found a radiant altar of Vehumet.
  2645 | D:3      | Found a snail-covered altar of Cheibriados.
  2823 | D:3      | Reached XP level 6. HP: 34/41 MP: 12/12
  2979 | D:3      | Reached skill level 6 in Earth Magic
  3056 | D:3      | HP: 1/41 [centaur/arrow (8)]
  3058 | D:3      | Gained mutation: Your flesh is cold resistant. (rC+)
                  | [potion of mutation]
  3058 | D:3      | Gained mutation: A frigid envelope surrounds you and
                  | freezes all who hurt you. [potion of mutation]
  3459 | D:4      | Reached skill level 5 in Spellcasting
  3482 | D:4      | Reached XP level 7. HP: 46/46 MP: 14/14
  3584 | D:4      | Reached skill level 7 in Earth Magic
  4069 | D:4      | Noticed Sigmund
  4077 | D:4      | Killed Sigmund
  4078 | D:4      | Reached skill level 8 in Earth Magic
  4078 | D:4      | Reached XP level 8. HP: 39/52 MP: 14/17
  4084 | D:4      | Learned a level 3 spell: Stone Arrow
  4193 | D:4      | Found an iron altar of Okawaru.
  4221 | D:5      | Entered Level 5 of the Dungeon
  4280 | D:5      | Found an opulent altar of Gozag.
  4295 | D:5      | Found a blossoming altar of Fedhas.
  4298 | D:5      | Became a worshipper of Gozag Ym Sagoz the Greedy
  4385 | D:5      | Found a broken altar of Ashenzari.
  4495 | D:5      | Lost mutation: A frigid envelope surrounds you and freezes
                  | all who hurt you. [potion of mutation]
  4495 | D:5      | Lost mutation: Your flesh is cold resistant. (rC+) [potion
                  | of mutation]
  4495 | D:5      | Gained mutation: You occasionally lose the ability to drink
                  | potions when taking damage. [potion of mutation]
  4495 | D:5      | Gained mutation: Your muscles are strong. (Str +4, Int/Dex
                  | -1) [potion of mutation]
  4496 | D:5      | HP: 2/52 [ice beast (2)]
  4496 | D:5      | Slain by an ice beast

Illustrated notes

Levels and vault maps discovered:
D:1:      lightli_arrival_quake, layout_loops_cross, serial_shops,
          nicolae_shop_window_shopping, dreamdust_mushroom_princess
D:2:      layout_basic, uniq_natasha
D:3:      layout_basic, chequers_temple_overflow_statue_of_worship,
          shapermc_ecumenical_altar_ellora
D:4:      layout_rooms, okawaru_altar_gauntlet_db, uniq_sigmund
D:5:      layout_basic, mainiacjoe_overflow_small_starburst,
          mainiacjoe_overflow_cross_hatched, nicolae_gozag_seed_capital,
          evilmike_ruin_ashenzari

Skill      XL: |  1  2  3  4  5  6  7  8 |
---------------+-------------------------+-----
Earth Magic    | 4 5 6 8 |  8.8
Spellcasting   | 3 4 5 6 7 |  7.0
Dodging        | |  1.7
Stealth        | |  2.4
Transmutations | |  1.1

Action                     |  1- 3 |  4- 6 |  7- 9 || total
---------------------------+-------+-------+-------++-------
  Melee: Unarmed           |     6 |       |       ||     6
         Dagger            |     4 |       |       ||     4
   Cast: Sandblast         |    45 |    84 |    75 ||   204
    Use: Potion            |       |     2 |     1 ||     3
 Armour: Robe              |     8 |    24 |    26 ||    58
  Dodge: Dodged            |     9 |    33 |    24 ||    66

Table legend: (Time is in decaauts)
 A = Elapsed time spent in this place.
 B = Non-inter-level travel time spent in this place.
 C = Inter-level travel time spent in this place.
 D = Time resting spent in this place.
 E = Time spent auto-exploring this place.
 F = Levels seen in this place.
 G = Mean time per level.
                   A        B        C        D        E       F      G
               +--------+--------+--------+--------+--------+-----+--------+
         Total |   4597 |   4507 |     90 |      0 |   3813 |   5 |  919.4 |
       Dungeon |   4597 |   4507 |     90 |      0 |   3813 |   5 |  919.4 |
               +--------+--------+--------+--------+--------+-----+--------+

Top non-repeatable levels by time:
     D:2: 1459 daAuts
     D:3: 1295 daAuts
     D:1: 858 daAuts
     D:4: 700 daAuts
     D:5: 282 daAuts
